Map: Ulrena

Players

Miszu - Winner!

  • Race: Terran Terran
  • League: Master

GUM

  • Race: Protoss Protoss
  • League: Master

VOD

Have the link to the VOD?

Description

Time

  • Played on: April 17, 2016, 4:05 p.m.
  • Length: 6:20
Show
View Real Time Build Order
Export as new Build Order

Miszu Terran - Winner!

Build Orders: 1/1/1 

Get SALT Encoding   

  12  0:00  SCV  
  13  0:13  SCV  
  14  0:17  Supply Depot  
  14  0:25  SCV  
  15  0:32  Refinery  
  15  0:39  SCV  
  16  0:45  Barracks  
  16  0:51  SCV  
  17  1:03  SCV  
  18  1:15  SCV  
  19  1:32  Orbital Command  
  19  1:33  Factory, Marine  
  20  1:41  Supply Depot  
  20  1:51  Marine  
  21  1:58  SCV  
  22  2:09  Marine  
  22  2:13  SCV  
  24  2:17  Hellion  
  24  2:19  Starport  
  26  2:25  SCV  
  26  2:27  Supply Depot, Marine  
  28  2:39  Hellion  
  28  2:40  SCV  
  31  2:49  Marine  
  32  2:54  Supply Depot, SCV  
  32  2:56  Medivac  
  35  3:01  Hellion  
  37  3:06  SCV  
  37  3:08  Marine  
  39  3:16  Supply Depot  
  39  3:23  SCV  
  39  3:25  Refinery  
  40  3:27  Barracks Reactor  
  40  3:37  SCV  
  40  3:42  Command Center  
  40  3:51  Factory Tech Lab  
  40  3:53  Viking  
  42  4:03  Supply Depot  
  41  4:15  Supply Depot x2  
  41  4:24  Viking, Marine x2  
  43  4:42  Marine x2  
  34  4:54  Viking  
  36  5:00  Marine  
  36  5:02  Marine  
  36  5:18  Marine  
  36  5:19  Marine  
  38  5:21  Command Center  
Show
View Real Time Build Order
Export as new Build Order

GUM Protoss 

Build Orders:  

Get SALT Encoding   

  12  0:01  Probe (Chrono Boost)  
  13  0:11  Probe (Chrono Boost)  
  14  0:20  Pylon  
  14  0:22  Probe (Chrono Boost)  
  15  0:38  Gateway, Probe (Chrono Boost)  
  16  0:48  Probe (Chrono Boost)  
  17  0:52  Assimilator  
  17  0:59  Probe (Chrono Boost)  
  17  1:02  Assimilator  
  18  1:10  Probe (Chrono Boost)  
  19  1:20  Probe (Chrono Boost)  
  20  1:26  Cybernetics Core  
  20  1:31  Probe (Chrono Boost)  
  21  1:36  Pylon  
  21  1:39  Pylon  
  21  1:42  Probe (Chrono Boost)  
  22  1:53  Probe (Chrono Boost)  
  23  2:02  Stargate  
  23  2:05  Stalker (Chrono Boost)  
  23  2:08  Warp Gate  
  25  2:29  Pylon  
  25  2:32  Stalker (Chrono Boost)  
  27  2:45  Void Ray (Chrono Boost)  
  31  3:23  Void Ray (Chrono Boost)  
  35  3:28  Gateway  
  35  3:29  Gateway  
  35  3:31  Gateway  
  13  4:25  Stalker  
  13  4:26  Stalker x2  
Tags
 
Matchup
PvT
Opening
1/1/1
Add a new tag
Caveats
  • Supply blocks, unpowered buildings, or Contaminate may cause inaccurate times.
  • Supply counts are checked every 10 seconds.